AoeStats
← Kaiser Ze

Black Forest

509118376Analyzed
4v4 RM · 7d ago on Sep 25, 2026· 25m 2s· 8 players
Game mode
Random Map
Map size
Large (8 player)
Population
200
Speed
Normal
Resources
Standard
Victory
Conquest
Starting age
Dark Age
Ending age
Imperial Age
RankedLock teamsTeams togetherTeam positionsShared explorationLock speedFull tech treeHidden civsTurbo modeCheats
Victory
Defeat
🇨🇳 Turks · China
1562
+13
🇦🇷 Celts · Argentina
1542
+14
🇭🇰 Danes · Hong Kong SAR China
1528
+14
1415
+19
🇹🇼 Persians · Taiwan
1520
-16
🇦🇷 Ethiopians · Argentina
1512
-16
🇪🇸 Koreans · Spain
1490
-15
🇨🇳 Dravidians · China
1431
-13
ggsadpom,sdf
10:51 Feudal Age
14:54 Castle Age
12:56 Fishing Lines
13:04 Double-Bit Axe
13:10 Horse Collar
16:33 Loom
24:39 Wheelbarrow
23:53 Town Watch
Lauti
7:14 Loom
11:46 Feudal Age
16:24 Castle Age
14:32 Double-Bit Axe
14:44 Fishing Lines
17:33 Bow Saw
19:26 Fletching
20:20 Wheelbarrow
20:48 Gillnets
22:49 Bodkin Arrow
Kaiser Ze
5:50 Loom
11:04 Feudal Age
15:05 Castle Age
13:09 Double-Bit Axe
16:39 Bow Saw
17:15 Wheelbarrow
18:26 Fishing Lines
22:08 Gold Mining
23:46 Forging
23:36 Scale Mail Armor
23:11 Pikeman
23:53 Squires
Garabatov
0:50 Loom
14:21 Feudal Age
19:56 Castle Age
18:51 Double-Bit Axe
21:06 Fishing Lines
22:00 Bow Saw
玩印度的哥们硬不起来
4:48 Loom
8:00 Loom
9:52 Feudal Age
10:18 Horse Collar
10:24 Double-Bit Axe
12:50 Gold Mining
14:16 Wheelbarrow
17:29 Castle Age
16:31 Scale Barding Armor
17:34 Bloodlines
18:18 Husbandry
18:43 Chain Barding Armor
19:49 Bow Saw
23:47 Forging
pray4u
11:12 Feudal Age
11:57 Double-Bit Axe
11:54 Horse Collar
15:02 Castle Age
16:13 Bow Saw
18:12 Heavy Plow
21:34 Wheelbarrow
23:19 Hand Cart
23:35 Gold Mining
24:20 Stone Mining
[QHB] Tony
0:33 Loom
16:08 Feudal Age
16:56 Double-Bit Axe
19:21 Town Watch
23:02 Castle Age
24:40 Fishing Lines
[QHB]Hammer warriors
1:27 Loom
11:48 Feudal Age
12:15 Double-Bit Axe
15:43 Castle Age
15:40 Horse Collar
16:37 Bow Saw
16:35 Heavy Plow
19:35 Fletching
Connection lost

Rejoining the realm…

Still unreachable

The connection could not be restored.

Session expired

The server has moved on; the page needs a fresh start.